 Dungeon Crawl Stone Soup version 0.29-a0-338-g1ff7896281 (webtiles) character file.

Game seed: 10125653609548829511

64 spaghetti the Ducker (level 4, 0/31 HPs)
             Began as an Octopode Fighter on Apr 18, 2022.
             Slain by a gnoll
             ... wielding a +0 spear
              (7 damage)
             ... on level 4 of the Dungeon.
             The game lasted 00:01:43 (1307 turns).

spaghetti the Ducker (Octopode Fighter)             Turns: 1307, Time: 00:01:44

Health: 0/31       AC:  8    Str: 15    XL:     4   Next: 12%
Magic:  4/4        EV: 13    Int: 10    God:
Gold:   40         SH:  4    Dex: 13    Spells: 3/3 levels left

rFire   . . .      SeeInvis .   i - +2 dagger (protect) {short}
rCold   . . .      Faith    .   b - +0 buckler
rNeg    . . .      Spirit   .   (helmet restricted)
rPois   .          Reflect  .   (no amulet)
rElec   .          Harm     .   (no ring)
rCorr   .          Rampage  .   (no ring)
Will    .....                   (no ring)
Stlth   +++.......              (no ring)
HPRegen 0.10/turn               (no ring)
MPRegen 0.09/turn               (no ring)
                                (no ring)
                                (no ring)

@: under a protective aura
A: almost no armour, amphibious, 8 rings, camouflage 1, gelatinous body 1,
(nimble swimmer 1), tentacles
a: no special abilities


You were on level 4 of the Dungeon.
You visited 1 branch of the dungeon, and saw 3 of its levels.

You collected 40 gold pieces.


Innate Abilities, Weirdness & Mutations

You cannot wear most types of armour.
You are amphibious.
You can wear up to eight rings at the same time.
Your skin changes colour to match your surroundings (Stealth+).
Your rubbery body absorbs attacks. (AC +1, EV +1)
((You are camouflaged when in or above water. (Stealth+)))
You have tentacles for arms and can constrict up to eight enemies at once.


   Skills:
 + Level 3.2 Fighting
 + Level 2.3 Short Blades
 * Level 1.4 Throwing
 + Level 3.2 Dodging
 * Level 2.6 Stealth
 + Level 3.2 Shields


You had 3 spell levels left.
You didn't know any spells.
Your spell library contained the following spells:

 Spells                   Type           Power      Damage    Failure   Level
 Gell's Gravitas          Tloc           0%         N/A       83%         3
 Teleport Other           Tloc           0%         N/A       83%         3
 Dispersal                Tloc           0%         N/A       100%        6

Inventory:

Hand Weapons
 a - a +0 rapier {short}
 i - a +2 dagger of protection (weapon) {short}
   (You took it off a kobold on level 1 of the Dungeon)
Missiles
 f - 63 stones (quivered) {throwing}
 l - 12 poisoned darts {throwing}
Armour
 b - a +0 buckler (worn)
Scrolls
 d - a scroll of immolation {unknown}
 g - a scroll of magic mapping {unknown}
 h - a scroll of blinking {unknown}
 j - a scroll of vulnerability {unknown}
 m - a scroll of teleportation {unknown}
 n - a scroll of enchant armour {unknown}
 p - a scroll of identify {unknown}
Potions
 c - a potion of might
 e - 3 potions of degeneration {unknown}
 k - a potion of lignification {unknown}
 o - a potion of curing {unknown}

Dungeon Overview and Level Annotations

Branches:
Dungeon (2/15)

Altars:

Shops:
D:1

[
##..........#.###..###.
#......................
##...#........#.......
#####.###..<.#.......
###.###....#.......
#.#...#....####.###
.#####.###.#....# #.#..
.......)...#....# #...#
#####.@...# ##. h....#
#.g...# .... # #....##
... . #....# ... #
######


You could see a gnoll.


Message History

No target in view!
No target in view!
No target in view!
No target in view!
No target in view!
You see here a giant cockroach corpse.
f - 61 stones {throwing} (gained 1)
o - an emerald potion
f - 62 stones {throwing} (gained 1)
f - 63 stones {throwing} (gained 1) Key pressed, stopping explore.
A quokka and a black bear come into view.
There are monsters nearby!
The helpless quokka fails to defend itself.
You puncture the quokka!
Your weapon exudes an aura of protection.
You kill the quokka!
No target in view!
No target in view!
No target in view!
No target in view!
No target in view!
No target in view!
No target in view!
No target in view!
No target in view!
You now have 40 gold pieces (gained 9).
Found an escape hatch in the ceiling.
p - a scroll labelled HIGYT NAIRAFYIHAX You pick up a There-And-Back Book and begin reading...
You add the spells Gell's Gravitas, Teleport Other and Dispersal to your library.
An endoplasm comes into view.
Found a stone staircase leading up.
An endoplasm is nearby!
An endoplasm is nearby!
The helpless endoplasm fails to defend itself.
You puncture the endoplasm!
Your weapon exudes an aura of protection.
You kill the endoplasm!
No target in view!
No target in view!
No target in view!
No target in view!
No target in view!
No target in view!
No target in view!
l - 12 poisoned darts {throwing} (gained 6)
A gnoll comes into view. It is wielding a +0 spear.
A gnoll is nearby! 2 gnolls come into view.
The gnoll misses you.
The gnoll shouts!
The gnoll hits you with a +0 spear!
The gnoll shouts! 😮 HP[-9]
You take 9 damage, and now have 17/26 hp.
MASSIVE DAMAGE!! (PAUSE)
You hit the gnoll but do no damage.
Your weapon exudes an aura of protection.
You grab the gnoll.
You constrict the gnoll, but do no damage.
The gnoll hits you but does no damage. The gnoll barely misses you.
You hit the gnoll. Your squeeze misses the gnoll. You constrict the gnoll.
The gnoll barely misses you. The gnoll misses you.
The gnoll hits you from afar with a +0 spear. 😮 HP[-2]
You take 2 damage, and now have 15/26 hp.
You hit the gnoll but do no damage. You squeeze the gnoll.
You constrict the gnoll. The gnoll hits you with a +0 spear.
* * * LOW HITPOINT WARNING * * *
The gnoll barely misses you.
The gnoll hits you from afar with a +0 spear.
* * * LOW HITPOINT WARNING * * *
😨 HP[-4]
You take 4 damage, and now have 11/26 hp.
Unknown command.
Unknown command.
You hit the gnoll.
You kill the gnoll!
You barely miss the gnoll. You grab the gnoll.
You constrict the gnoll, but do no damage.
The gnoll hits you but does no damage. The gnoll barely misses you.
You hit the gnoll but do no damage. You squeeze the gnoll.
You constrict the gnoll. The gnoll hits you with a +0 whip.
* * * LOW HITPOINT WARNING * * *
The gnoll barely misses you. 😨 HP[-1]
You take 1 damage, and now have 10/26 hp.
You hit the gnoll. You squeeze the gnoll. You constrict the gnoll.
You kill the gnoll!
The gnoll hits you from afar with a +0 spear.
* * * LOW HITPOINT WARNING * * *
You have reached level 4! 😱 HP[-3] MP[+1]
You now have 31 max hp (+5).
Your mp is fully restored (4).
The gnoll closely misses you.
You see here a +0 whip {mace}.
You hit the gnoll but do no damage. Your grab misses the gnoll.
The gnoll hits you with a +0 spear!
You die...

Skill      XL: |  1  2  3 |
---------------+----------+-----
Stealth        | 1 2 |  2.6
Throwing       | 1 |  1.4
Fighting       | |  3.2
Short Blades   | |  2.3
Dodging        | |  3.2
Shields        | |  3.2

Action                   |  1- 3 |  4- 6 || total
-------------------------+-------+-------++-------
Melee: Rapier            |    26 |       ||    26
       Constrict         |    16 |       ||    16
       Tentacles         |     8 |       ||     8
       Dagger            |    32 |     1 ||    33
Throw: Stone             |    71 |       ||    71
 Stab: Sleeping          |     5 |       ||     5
Armor: Skin              |     4 |       ||     4
Dodge: Dodged            |    24 |     1 ||    25
Block: Buckler           |     8 |       ||     8

Levels and vault maps discovered:
D:1:      roderic_octagonal_star, layout_loops_cross, serial_shops, shop
D:2:      layout_basic, basic_ecumenical_altar, serial_park_tiny_1,
          wander_ebering_terrifying_dragon_lair
D:4:      layout_basic, minmay_temple_entry_stoned_glass, serial_shops,
          shop_statue

Notes
Turn   | Place    | Note
-------+----------+-------------------------------------------
     0 | D:1      | spaghetti the Octopode Fighter began the quest for the Orb.
     0 | D:1      | Reached XP level 1. HP: 16/16 MP: 1/1
     0 | D:1      | magus.rc [v1.9.6]
   184 | D:1      | Reached skill level 1 in Stealth
   193 | D:1      | Reached XP level 2. HP: 21/21 MP: 2/2
   372 | D:1      | Found Sagath's Antique Armour Emporium.
   658 | D:1      | Reached XP level 3. HP: 26/26 MP: 3/3
   726 | D:1      | Reached skill level 2 in Stealth
   727 | D:1      | Reached skill level 1 in Throwing
  1178 | D:2      | You fall into a shaft and drop 2 floors!
  1241 | D:4      | Noticed a black bear
  1261 | D:4      | You add the spells Gell's Gravitas, Teleport Other and
                  | Dispersal to your library.
  1305 | D:4      | HP: 5/26 [gnoll/+0 spear (5)]
  1306 | D:4      | Reached XP level 4. HP: 7/31 MP: 4/4
  1307 | D:4      | Slain by a gnoll

Vanquished Creatures
  2 gnolls (D:4)
  2 dart slugs (D:1)
  2 ball pythons (D:1)
  3 endoplasms
  4 giant cockroaches
  4 goblins (D:1)
  4 hobgoblins (D:1)
  4 jackals (D:1)
  4 kobolds
  2 quokkas
  A bat (D:1)
  4 rats (D:1)
36 creatures vanquished.

Table legend:
 A = Non-vault XP
 B = Vault XP
 C = Vault XP percentage of total XP
 D = Non-vault monster count
 E = Vault monster count
 F = Vault count percentage of total count
                 A         B        C        D         E       F
            +---------+---------+-------+---------+---------+-------
      Total |      92 |       0 |   0.0 |      36 |       0 |   0.0
            +---------+---------+-------+---------+---------+-------
        D:1 |      56 |       0 |   0.0 |      29 |       0 |   0.0
        D:2 |       1 |       0 |   0.0 |       1 |       0 |   0.0
        D:4 |      35 |       0 |   0.0 |       6 |       0 |   0.0
            +---------+---------+-------+---------+---------+-------

Illustrated notes

Table legend:
 A = Kills in this place as a percentage of kills in entire the game.
 B = Kills by you in this place as a percentage of kills by you in the entire game.
 C = Kills by friends in this place as a percentage of kills by friends in the entire game.
 D = Other kills in this place as a percentage of other kills in the entire game.
 E = Experience gained in this place as a percentage of experience gained in the entire game.
 F = Experience gained in this place divided by the number of levels of this place that you have seen.
                   A       B       C       D       E      F
               +-------+-------+-------+-------+-------+----------------------
         Total | 100.0 | 100.0 |   N/A |   N/A | 100.0 |  30.7
       Dungeon | 100.0 | 100.0 |   N/A |   N/A | 100.0 |  30.7
               +-------+-------+-------+-------+-------+----------------------

Table legend: (Time is in decaauts)
 A = Elapsed time spent in this place.
 B = Non-inter-level travel time spent in this place.
 C = Inter-level travel time spent in this place.
 D = Time resting spent in this place.
 E = Time spent auto-exploring this place.
 F = Levels seen in this place.
 G = Mean time per level.
                   A        B        C        D        E       F      G
               +--------+--------+--------+--------+--------+-----+--------+
         Total |   1315 |   1239 |     76 |      0 |   1007 |   3 |  438.3 |
       Dungeon |   1315 |   1239 |     76 |      0 |   1007 |   3 |  438.3 |
               +--------+--------+--------+--------+--------+-----+--------+

Top non-repeatable levels by time:
     D:1: 1100 daAuts
     D:4: 128 daAuts
     D:2: 86 daAuts
